[Event "Reykjavik Open 2024"]
[Site "Reykjavik"]
[Date "2024.03.17"]
[Round "4.27"]
[White "Eriksson, Jorgen"]
[Black "Wong-Godfrey, Emerson P"]
[Result "1/2-1/2"]
[ECO "D03"]
[WhiteElo "2154"]
[BlackElo "1799"]
[Annotator "RC"]
[PlyCount "82"]
[EventDate "2024.03.12"]
[EventCountry "ISL"]
[SourceTitle "playchess.com"]
[Source "ChessBase"]
[SourceQuality "1"]
[TimeControl "40/5400+30:1800+30"]

1. d4 Nf6 2. Bg5 e6 3. Nd2 Be7 4. e3 d5 5. Bd3 h6 6. Bh4 Nbd7 7. Ngf3 O-O 8. O-O b6 9. Qe2 Bb7 10. a4 Ne4 11. Bxe7 Qxe7 12. a5 c5 13. Bb5 Nxd2 14. Qxd2 Rac8 15. axb6 axb6 16. Ra7 Rc7 17. Rfa1 Rfc8 18. c3 Nb8 19. Qe2 c4 20. R7a2 Nc6 21. Bxc6 Bxc6 22. Ne1 Rb8 23. Nc2 Rbb7 24. Nb4 Be8 25. e4 dxe4 26. Qxe4 Ra7 27. Qb1 Bb5 28. h3 Qd7 29. Rxa7 Rxa7 30. Rxa7 Qxa7 31. Qd1 Qa4 32. Qd2 Bc6 33. Qe2 Bd5 34. Kh2 Qa8 35. f3 Qb8+ 36. Kg1 Qf4 37. Kf2 Qh4+ 38. Kg1 Qf4 39. Kf2 h5 40. Qe3 Qh4+ 41. Kf1 Qf6 1/2-1/2

[Event "Reykjavik Open 2024"]
[Site "Reykjavik"]
[Date "2024.03.17"]
[Round "4.28"]
[White "Duong, Thanh Nha"]
[Black "Jaroszewicz, Dawid"]
[Result "1-0"]
[ECO "D30"]
[WhiteElo "2144"]
[BlackElo "1757"]
[Annotator "RC"]
[PlyCount "103"]
[EventDate "2024.03.12"]
[EventCountry "ISL"]
[SourceTitle "playchess.com"]
[Source "ChessBase"]
[SourceQuality "1"]
[TimeControl "40/5400+30:1800+30"]

1. c4 Nf6 2. Nf3 e6 3. g3 d5 4. d4 c5 5. cxd5 exd5 6. Bg2 Nc6 7. O-O Be7 8. dxc5 Bxc5 9. a3 Ne4 10. b4 Be7 11. Bb2 Bf6 12. Ra2 O-O 13. Bxf6 Qxf6 14. Rc2 Be6 15. b5 Ne5 16. Nbd2 Rac8 17. Nxe5 Qxe5 18. Nf3 Qd6 19. Rxc8 Rxc8 20. Nd4 Bd7 21. a4 Rc4 22. Bxe4 dxe4 23. Nc6 Qxd1 24. Rxd1 Be8 25. Rd8 Kf8 26. Nxa7 Rxa4 27. Nc8 Rb4 28. g4 f6 29. b6 Kf7 30. e3 g5 31. Kg2 Bc6 32. Rd1 Rb3 33. Kg3 Rb2 34. h3 h6 35. Rd4 Ke6 36. Rd6+ Ke5 37. Rd8 Ke6 38. Rd1 Rb3 39. h4 Rd3 40. Rb1 Rd2 41. h5 Rd5 42. Na7 Kd7 43. Rb4 Re5 44. Rd4+ Bd5 45. Nb5 Kc6 46. Nc3 Kc5 47. Nxd5 Rxd5 48. Rxe4 Kxb6 49. Re6+ Ka7 50. Rxf6 b5 51. Rxh6 b4 52. Rc6 1-0

[Event "Reykjavik Open 2024"]
[Site "Reykjavik"]
[Date "2024.03.17"]
[Round "4.30"]
[White "Bergsson, Stefan"]
[Black "Klimkowski, Jan"]
[Result "1-0"]
[ECO "B88"]
[WhiteElo "2144"]
[BlackElo "2532"]
[Annotator "TA"]
[PlyCount "79"]
[EventDate "2024.03.12"]
[EventCountry "ISL"]
[SourceTitle "playchess.com"]
[Source "ChessBase"]
[SourceQuality "1"]
[TimeControl "40/5400+30:1800+30"]

1. e4 c5 2. Nf3 d6 3. d4 cxd4 4. Nxd4 Nf6 5. Nc3 a6 6. a3 Nc6 7. Bc4 e6 8. Ba2 Be7 9. Be3 O-O 10. O-O Bd7 11. f4 Rc8 12. Qe2 Qa5 13. f5 Nxd4 14. Bxd4 {[%emt 0:00:05] The position is equal.} Kh8 15. Rad1 e5 16. Bf2 Rxc3 17. bxc3 Qxa3 18. Bb3 {[%emt 0:03:02] [#] Strongly threatening Ra1.} (18. Qd3 $5) 18... Bb5 19. c4 Bc6 20. Bh4 Bd8 21. Bxf6 Bxf6 22. Qe3 h6 23. Rfe1 Bh4 24. g3 Bg5 25. Qb6 (25. Qd3 $11) 25... Bd8 ({Better is} 25... a5 $15 26. c5 a4) 26. Qe3 $11 Qb4 {[%emt 0:04:03] [#] Dodges c5} 27. c5 {[%emt 0:04:57] Repels Bb6} Bg5 (27... Ba5 28. Kg2) 28. Qf2 dxc5 {[%emt 0:03:22][%cal Oc5c4] aiming for ...c4!} 29. Bd5 Bxd5 30. Rxd5 a5 31. h4 (31. Rxc5 Bd2 32. Rd1 Bc3 $17) (31. Rxe5 a4 32. c3 (32. Rxc5 $2 Bd8 $19) 32... Qxc3 33. Rxc5 Qb3 $11) 31... Be7 32. c3 (32. Rd7 $14 c4 33. c3) 32... Qxc3 33. Rd7 Re8 34. Red1 Qb3 35. Kh2 Bf6 36. Qxc5 Qf3 37. Qc4 {[%emt 0:02:22][%cal Oc4d3][%mdl 1024] Wards off Qe2+. White has compensation. Active counter play!} Rg8 (37... b5 $14 38. Qxb5 (38. Qxf7 Rg8 $11) 38... Qxe4) 38. R1d2 $16 (38. Qxf7 $6 Qxe4 39. Qg6 (39. Rxb7 $2 Qe2+ 40. Kh3 Qxd1 $19) 39... Qf3 $11) (38. Rf1 Qg4 $14) 38... b6 (38... b5 $142 39. Qd3 (39. Qxf7 Qxe4 40. Qd5 Qb1 $11) 39... Qxd3 40. R2xd3 b4) 39. Qc6 ({Much weaker is} 39. Rxf7 $6 Bxh4 40. Rg2 Qh5 41. gxh4 b5 $11) (39. Qxf7 $6 Qxe4 40. R7d6 Qxf5 $11) ({White should play} 39. Qe2 $16 Qxe2+ 40. Rxe2) 39... Qg4 40. Qc4 {[%emt 0:01:44][%mdl 32768] Weighted Error Value: White=0.13 (very precise) /Black=0.16 (very precise) .  Mistake:       	White=4     	Black=3      Inaccurate:     	White=1     	Black=2      OK:         	White=11    	Black=8      Best:        	White=1     	Black=1      Brilliant:      	White=1     	---       . Loss on time!?} (40. Rxf7 Bxh4 41. Rg2 Bxg3+ 42. Rxg3 Qh5+ 43. Kg1 Qxf7 $19) (40. Ra2 $14) 1-0

[Event "Reykjavik Open 2024"]
[Site "Reykjavik"]
[Date "2024.03.17"]
[Round "4.31"]
[White "Yilmazyerli, Mert"]
[Black "Mueller, Magnus"]
[Result "1-0"]
[ECO "A57"]
[WhiteElo "2526"]
[BlackElo "2144"]
[Annotator "TA"]
[PlyCount "67"]
[EventDate "2024.03.12"]
[EventCountry "ISL"]
[SourceTitle "playchess.com"]
[Source "ChessBase"]
[SourceQuality "1"]
[TimeControl "40/5400+30:1800+30"]

1. d4 Nf6 2. c4 c5 3. d5 b5 4. Qc2 b4 5. a3 e5 6. Nf3 e4 7. Ng5 b3 8. Qxb3 {[%emt 0:01:33] Hoping for Nd2. White is better.} h6 9. Nh3 {[%emt 0:02:28] White is much more active.} d6 10. f4 Ng4 11. Nc3 f5 (11... e3 $14 {might be stronger.}) 12. Nd1 Nd7 13. Nhf2 Ngf6 14. Ne3 Nb6 15. Bd2 g5 16. g3 Rg8 17. Bh3 g4 18. Bf1 Bg7 19. Bc3 Bd7 20. Qc2 Qe7 21. b3 a5 22. Rb1 h5 23. h4 Kf7 24. Qd2 a4 25. b4 {[%emt 0:00:22] Black must now prevent bxc5.} cxb4 (25... Rge8 $16 {might work better.}) 26. Rxb4 $18 Rab8 {[%emt 0:02:58] [#]} (26... Rgb8 {was called for.} 27. Bg2 Qd8) 27. Bg2 $1 Bh6 $2 (27... Na8 {was worth a try.} 28. O-O Rxb4 29. axb4 (29. Bxb4 Rc8 $16) 29... Rb8) 28. Qb2 Qd8 29. Bd4 Nxc4 (29... Bg7 $142 30. Rxb6 (30. Bxb6 Rxb6 31. Rxb6 Nxd5 $14) 30... Rxb6 31. Qxb6 (31. Bxb6 Nxd5 32. Bxd8 Bxb2 $18) 31... Qxb6 32. Bxb6 Rb8) 30. Nxc4 {[%emt 0:01:13] White is clearly winning.} Nxd5 31. Nxd6+ Ke6 32. Nb7 Rxb7 33. Rxb7 Qa5+ 34. Qd2 {[%emt 0:01:13] Weighted Error Value: White=0.19 (very precise) /Black=0.50.  Mistake:       	---       	Black=5      Inaccurate:     	White=3     	Black=8      OK:         	White=9     	Black=5      Best:        	---       	Black=1      Strong:       	White=1     	---} 1-0

[Event "Reykjavik Open 2024"]
[Site "Reykjavik"]
[Date "2024.03.17"]
[Round "4.32"]
[White "George Samir, David"]
[Black "Gokerkan, Cem Kaan"]
[Result "0-1"]
[ECO "B12"]
[WhiteElo "2130"]
[BlackElo "2523"]
[Annotator "TA"]
[PlyCount "78"]
[EventDate "2024.03.12"]
[EventCountry "ISL"]
[SourceTitle "playchess.com"]
[Source "ChessBase"]
[SourceQuality "1"]
[TimeControl "40/5400+30:1800+30"]

1. e4 c6 2. d4 d5 3. e5 c5 4. Nf3 Nc6 5. dxc5 Bg4 6. Bb5 Qa5+ 7. Nc3 e6 8. Be3 Nge7 9. h3 {[%emt 0:01:44] Die Stellung ist ausgeglichen.} Bxf3 10. Qxf3 a6 11. Ba4 {[%emt 0:02:06] [#]} (11. Bxc6+ $1 $15 Nxc6 12. Qg4) 11... O-O-O $1 $17 12. Bd2 Nxe5 {[%emt 0:02:00] Hervorragende Reitkunst.} 13. Qe2 Nc4 14. O-O-O {[%emt 0:03:28][%cal Oc3d5] Droht Nxd5! und aus.} Nxd2 15. Rxd2 g6 {[%emt 0:05:19][%cal Od5d4] Zielt auf ...d4! ab.} 16. Kb1 Bh6 17. Rd3 d4 $1 (17... Qxc5 18. h4) 18. Qe5 Nf5 ({Besser ist} 18... dxc3 $19 19. Bd7+ Rxd7 20. Qxh8+ Qd8 21. Qxc3 Rxd3 22. Qxd3 Qxd3 23. cxd3 Nd5) 19. Bd7+ Rxd7 (19... Kxd7 $2 20. c6+ Kxc6 21. Qxa5 $18) 20. Qxh8+ Rd8 {[%emt 0:00:31] Aktives Gegenspiel!} 21. Qf6 dxc3 22. Rhd1 {[%emt 0:03:27] [#]} Rf8 {[%emt 0:00:02] Droht stark ...Bg7.} ({Minderwertig wäre} 22... Rxd3 23. Rxd3 Kb8 (23... Qxc5 24. Qd8#) (23... Bg7 $2 24. Qxf7 Kb8 25. c6 $18) 24. g4 Qxc5 25. gxf5 Qxf2 26. Qd8+ (26. bxc3 Qg1+) 26... Ka7 27. fxe6 (27. Rxc3 $2 Qg1+) (27. bxc3 e5 $11) 27... fxe6 28. Qd4+ (28. bxc3 Qf1+ 29. Rd1 Qb5+ 30. Ka1 Bg7 $11) 28... Qxd4 29. Rxd4 $18) 23. Qxc3 Qxc3 24. Rxc3 Ne7 $36 {[%emt 0:00:08][%mdl 2048] Schwarz ist am Drücker.} 25. Rcd3 Nc6 26. g3 e5 27. c3 (27. f3 $142) 27... e4 28. Rd5 Re8 29. Rd7 Ne5 30. R7d5 f5 31. Re1 Kc7 ({Jedoch nicht} 31... Nd3 $2 32. Rxd3 Bf8 33. Rd5 $18) 32. b3 (32. b4 $142) 32... Kc6 $19 33. Red1 Bf8 34. b4 Nd3 35. c4 (35. R1xd3 $142 exd3 36. Rxd3) 35... Nxb4 {[%emt 0:01:14] Schwarz steht klar auf Gewinn.} 36. Rd7 Bxc5 37. Rxh7 Nd3 38. Rh6 Re6 39. h4 Nxf2 {[%emt 0:00:34] Gewichteter Fehlerwert: Weiß=0.49/Schwarz=0.11 (sehr präzise) .  Fehler:       	Weiß=4     	Schwarz=1     Ungenau:       	Weiß=5     	---        OK:         	Weiß=9     	Schwarz=16    Bester:       	---       	Schwarz=4     Stark:        	---       	Schwarz=1} 0-1

[Event "Reykjavik Open 2024"]
[Site "Reykjavik"]
[Date "2024.03.17"]
[Round "4.33"]
[White "Stefansson, Hannes"]
[Black "Stanford, Sheila Barth"]
[Result "1-0"]
[ECO "B90"]
[WhiteElo "2481"]
[BlackElo "2123"]
[Annotator "TA"]
[PlyCount "55"]
[EventDate "2024.03.12"]
[EventCountry "ISL"]
[SourceTitle "playchess.com"]
[Source "ChessBase"]
[SourceQuality "1"]
[TimeControl "40/5400+30:1800+30"]

1. e4 c5 2. Nf3 d6 3. d4 cxd4 4. Nxd4 Nf6 5. Nc3 a6 6. h3 e5 7. Nf3 Be7 8. g4 h6 9. Rg1 {[%emt 0:02:15] The position is equal.} b5 10. g5 hxg5 11. Nxg5 Bb7 12. Qf3 (12. Be3 $5) 12... Nc6 13. Be3 Nd4 14. Qd1 (14. Bxd4 $11 exd4 15. Nd5) 14... d5 $17 15. Nxd5 Nxd5 (15... Nxe4 {with more complications.} 16. Nxe4 Qxd5 17. Bg2 O-O-O) 16. exd5 Bxd5 17. Bxd4 (17. c3 $15 Nf5 18. Qd3 Nxe3 19. Qxe3) 17... exd4 (17... Bxg5 18. Bb6 (18. Bxe5 f6 $11) 18... Qxb6 19. Qxd5 $14) 18. Qxd4 Qa5+ $1 (18... Bxg5 $6 19. Qe5+ Kf8 (19... Be7 20. O-O-O $14) 20. Qxg5 (20. Rxg5 f6 $11) 20... Qxg5 21. Rxg5 Re8+ 22. Kd2 $11) 19. c3 O-O-O {[%emt 0:00:33][%mdl 1024] Black has strong compensation.} (19... Bxa2 $2 20. Bg2 (20. Qxg7 O-O-O $16) 20... Rc8 21. Qxg7 $18) 20. Be2 {[%emt 0:05:01] Against Bf3} Qc7 {[%emt 0:07:46] Inhibits Qa7. ...g6 would now be deadly.} (20... Bxa2 $2 21. Qa7 (21. Qxg7 Rhg8 $16) 21... Qc7 22. Qxa6+ Qb7 23. Rxa2 $18) 21. a4 ({White should try} 21. Qg4+ Kb8 22. Rd1) 21... Bf6 (21... Rhe8 $17 {Threatens to win with ...Bxg5.} 22. O-O-O Kb8 (22... Bxg5+ 23. Rxg5 $11) 23. axb5 (23. Qxg7 $2 Qf4+ 24. Kb1 Bf6 $19) 23... Qa5 (23... Bc5 24. Qg4 $17)) 22. Qg4+ $15 Kb8 {[%emt 0:00:02] ...Rhe8 is the strong threat.} 23. Kf1 Rhe8 $1 {[%emt 0:01:54][%cal Oe8e2] Hoping for ...Rxe2!} 24. Rg3 $2 {[%emt 0:06:47][%mdl 8192] [#]} (24. axb5 Rxe2 25. Kxe2 (25. Qxe2 $2 Bc4 $19) 25... Qe5+ (25... axb5 26. Kf1 $16) 26. Kf1 Bxg5 $17 (26... axb5 $2 27. Rg3 $18)) (24. h4 $15) 24... Rxe2 $1 25. Kxe2 $17 (25. Qxe2 $2 {loses.} Bc4 $19) 25... Bc4+ {[%emt 0:00:32] A strong pair of Bishops.} 26. Ke1 Qe5+ 27. Qe4 $2 {[%emt 0:04:10] [#]} ({White must play} 27. Ne4 $15 Bg5 28. f3 (28. Qxg5 $2 {is a self mate.} Qxe4+ 29. Qe3 Qh1+) (28. Rd1 $2 f5 $19)) 27... Bxg5 $4 28. Qxe5+ {[%emt 0:00:35] Weighted Error Value: White=0.49/Black=0.51.  Loses game:     	White=2     	---        Missed win:     	---       	Black=2      Mistake:       	White=3     	Black=1      OK:         	White=4     	Black=8      Best:        	White=3     	Black=3      Strong:       	---       	Black=2} 1-0

[Event "Reykjavik Open 2024"]
[Site "Reykjavik"]
[Date "2024.03.17"]
[Round "4.34"]
[White "Hjartarson, Johann"]
[Black "Li, Harry"]
[Result "1-0"]
[ECO "C78"]
[WhiteElo "2460"]
[BlackElo "2107"]
[Annotator "TA"]
[PlyCount "59"]
[EventDate "2024.03.12"]
[EventCountry "ISL"]
[SourceTitle "playchess.com"]
[Source "ChessBase"]
[SourceQuality "1"]
[TimeControl "40/5400+30:1800+30"]

1. e4 e5 2. Nf3 Nc6 3. Bb5 a6 4. Ba4 Nf6 5. O-O b5 6. Bb3 Bc5 7. c3 d6 8. d4 Bb6 9. a4 Rb8 10. Be3 O-O 11. Re1 Re8 12. Nbd2 {[%emt 0:10:08] The position is equal.} h6 13. axb5 axb5 (13... exd4 {feels hotter.} 14. Bxh6 dxc3 15. bxc3 Ng4) 14. h3 exd4 15. cxd4 Nb4 16. d5 Nd3 17. Re2 Nxb2 18. Qc2 {[%emt 0:00:34] Black must now prevent Bxb6.} Na4 19. Bxa4 bxa4 20. Rxa4 Bd7 21. Ra3 Bxe3 22. Rexe3 Rb4 (22... Rb6 $11 {keeps the balance.}) 23. Ra7 $16 Qb8 24. Rxc7 {[%emt 0:04:10] White is more active.} (24. Qxc7 Qxc7 25. Rxc7 Ba4 $16) 24... Ba4 25. Qc3 {[%emt 0:01:17] Nh4 would now be deadly.} Bd1 $2 {[%emt 0:05:46][%mdl 8192] [#] This move loses the game for Black.} (25... Qb6 $16 {is a better chance.}) 26. Nh4 $1 $18 (26. Nd4 Rxd4 $17) 26... Rb2 27. Rg3 (27. Nf5 Rc2 28. Qxc2 (28. Nxh6+ $2 Kh7 $19) 28... Bxc2 29. Rxc2 Nxe4 $11) 27... Nh5 {[%emt 0:11:58] [#]} (27... Bg4 $142 28. Nhf3 (28. hxg4 Rxd2 29. Qxd2 Qxc7 $11) (28. Rxg4 Nxg4 29. hxg4 Rxd2 $11) 28... h5 29. hxg4 hxg4) 28. Nf5 $1 {[%emt 0:01:02][%csl LRd6,LRg7,LRh6][%cal Rg3g7] White wants to mate with Rxg7+.} Rc2 (28... Re5 29. Rc8+) 29. Rxg7+ (29. Nxh6+ $2 {is the wrong capture.} Kh7 30. Nxf7 Qxc7 31. Ng5+ Kg8 32. Qxc7 Rxc7 $19) 29... Kh8 30. Qe3 {[%emt 0:01:05] Weighted Error Value: White=0.03 (flawless) /Black=0.74.  Loses game:     	---       	Black=1      Mistake:       	---       	Black=2      Inaccurate:     	---       	Black=1      OK:         	White=7     	Black=8      Best:        	White=2     	---        Strong:       	White=2     	---} 1-0

[Event "Reykjavik Open 2024"]
[Site "Reykjavik"]
[Date "2024.03.17"]
[Round "4.35"]
[White "Strathmann, Sacha"]
[Black "Larkin, Vladyslav"]
[Result "0-1"]
[ECO "B48"]
[WhiteElo "2129"]
[BlackElo "2450"]
[Annotator "TA"]
[PlyCount "152"]
[EventDate "2024.03.12"]
[EventCountry "ISL"]
[SourceTitle "playchess.com"]
[Source "ChessBase"]
[SourceQuality "1"]
[TimeControl "40/5400+30:1800+30"]

1. e4 c5 2. Nf3 e6 3. d4 cxd4 4. Nxd4 a6 5. Nc3 b5 6. Bd3 Bb7 7. O-O Nc6 8. Be3 Qc7 9. Qe2 Nf6 10. a3 {[%emt 0:06:39] ist old school (10.f4).} h5 {[%emt 0:04:38] B48: Sizilianisch (Paulsen-Variante).} 11. h3 Rc8 12. f4 h4 13. Qf2 Nxd4 14. Bxd4 Be7 15. Rfe1 $146 ({Predecessor:} 15. b4 Nh5 16. Ne2 O-O 17. Rac1 Qb8 18. e5 d6 19. Qe3 Qc7 20. Rf2 Qd7 21. Rcf1 f5 22. Nc1 Bd5 {½-½ Worek,J (2270)-Vitak,P (2263) CZE-chT2E 1819 2018 (8.2)}) 15... Nh5 16. f5 Bc5 17. Ne2 Nf6 18. b4 Bd6 19. Qe3 Qc6 20. Bb2 e5 21. Nc3 Bc7 22. Kh2 Bb6 23. Qc1 Bf2 24. Re2 Qb6 25. Qf1 Bg3+ 26. Kh1 Nh5 27. Qg1 Qc7 28. Qa7 Bf4 29. Kg1 Ng3 30. Ree1 Bd2 31. Red1 Bxc3 32. Bxc3 d6 33. Be1 Nxe4 34. Bxe4 Bxe4 35. Qxc7 Rxc7 36. Rxd6 Rxc2 37. Bf2 f6 38. Rxa6 $2 (38. Rad1 $17 O-O (38... Bxf5 $2 39. Rd8+ Kf7 40. Rxh8 $18) 39. Rxa6) 38... Rh5 $1 $19 (38... Bxf5 39. Ra8+ Bc8 40. a4 bxa4 41. b5 $15) 39. Re1 Rxf5 40. Rxe4 Rfxf2 41. Ra8+ Kf7 42. Ra7+ Kg6 $1 43. Rg4+ Kf5 44. Raxg7 Rf4 $1 45. a4 $2 (45. Rxf4+ Kxf4 46. Rg4+ Ke3 47. Rxh4) 45... bxa4 $19 46. Rxf4+ Kxf4 47. Ra7 Ra2 48. b5 e4 49. b6 f5 50. Kf1 Ke3 51. Kg1 Rb2 (51... f4 $142 52. Ra5 Ra1+ 53. Kh2 Rb1 54. Rxa4 Rxb6) 52. Rxa4 $19 Rb1+ 53. Kh2 Rxb6 54. Ra3+ Kf4 55. Kg1 e3 56. Kf1 Re6 (56... Rb2 $142 57. Rc3 Rb4) 57. Ra8 $19 Rc6 $2 (57... e2+ 58. Ke1 $11) (57... Kg3 {Weiss muss nun ...e2+ beachten.} 58. Rg8+ Kh2) 58. Ra3 $2 (58. Rg8 $19) 58... Ke4 59. Ke2 Rc2+ 60. Kf1 Kd4 61. Rb3 Rd2 62. Rb8 Kc3 $2 (62... Rf2+ 63. Kg1 f4 64. Rb7 Kd3 65. Rb3+ Kc2 66. Ra3 Kb2 67. Ra6 Rc2 68. Kf1 Kc1 69. Ke1 Rxg2 70. Rf6 Rf2 71. Re6 Rh2 72. Rc6+ Kb2 73. Rc8 f3 (73... Rxh3 $2 74. Re8 $19) 74. Rb8+ Kc1 75. Rc8+ Rc2 76. Rb8 Re2+ 77. Kf1 Rd2 78. Kg1 Rg2+ 79. Kh1 Rg3 80. Kh2 f2 81. Rf8 Kd2 (81... e2 82. Rxf2 e1=Q 83. Rc2+ Kd1 84. Rc1+ Ke2 85. Rxe1+ Kxe1 86. Kh1 Kf1 87. Kh2 Re3 88. Kh1 Rxh3#) 82. Rf6 Ke1 83. Re6 e2 (83... f1=R 84. Rc6 e2 85. Rd6 Rff3 86. Rd3 Kf1 87. Rxf3+ Rxf3 88. Kh1 Rxh3#) (83... f1=Q 84. Rxe3+) 84. Rb6 f1=Q (84... f1=R 85. Rb8 Rff3 86. Rb3 Kf2 87. Rxf3+ Rxf3 88. Kh1 Rxh3#) 85. Rb1+ Kf2 86. Rxf1+ exf1=N+ 87. Kh1 Rxh3#) 63. Rc8+ $19 Kd3 $1 64. Rd8+ Kc2 65. Re8 $2 (65. Ra8 $19) 65... f4 66. Ra8 {[%emt 0:00:59] [#]} Rd1+ $2 (66... Kc1 $1 {setzt Matt} 67. Ra1+ Kb2 68. Ra7 Rf2+ 69. Kg1 Rc2 70. Kf1 Kc1 71. Ke1 Rxg2 72. Rf7 Rf2 73. Rc7+ Kb2 74. Rc4 Kb3 75. Rc8 Rh2 76. Kf1 f3 (76... Rxh3 $2 77. Re8 $19) 77. Kg1 e2 (77... Rxh3 {ist ein Selbstmatt.} 78. Rb8+ Kc2 79. Rd8 f2+ 80. Kg2 Rg3+ 81. Kf1 Rg1+ 82. Ke2 f1=Q+ 83. Kxe3 Qf5 84. Rd2+ Kc3 85. Rg2 Rf1 86. Rc2+ Kxc2 87. Kd4 Rf4+ 88. Ke3 Qe5#) 78. Kxh2 e1=Q (78... e1=R 79. Rc3+ Kxc3 $11) 79. Rb8+ Kc2 80. Rc8+ Kd1 81. Rd8+ Qd2+ 82. Rxd2+ Kxd2 83. Kg1 Ke2 84. Kh1 f2 85. Kg2 f1=Q+ (85... f1=R {wird mattgesetzt.} 86. Kh2 Rf3 87. Kg1 Rg3+ 88. Kh1 Kf2 89. Kh2 Rb3 90. Kh1 Rxh3#) 86. Kh2 Qf4+ 87. Kh1 Kf3 88. Kg1 Qg5+ 89. Kh2 Qg2#) 67. Ke2 $17 Rd2+ $2 (67... Rd6 $17 68. Rc8+ Kb3 69. Rb8+ Kc4 70. Rc8+ Kd4) 68. Kf1 $1 $19 {[%emt 0:00:19] [#]} Kb3 $2 (68... Kc1 $1 $19 {ist viel giftiger. ( -> ...Rf2+)} 69. Ra1+ Kb2) 69. Rb8+ $17 Kc3 70. Rc8+ Kd3 71. Rd8+ Kc2 72. Ra8 $1 Rf2+ 73. Kg1 $2 (73. Ke1 $17) 73... Kb1 74. Ra4 Rc2 75. Rxf4 Rc1+ 76. Rf1 e2 0-1

[Event "Reykjavik Open 2024"]
[Site "Reykjavik"]
[Date "2024.03.17"]
[Round "4.36"]
[White "Fantinel, Thibault"]
[Black "Barthel, Ansgar"]
[Result "1-0"]
[ECO "B04"]
[WhiteElo "2421"]
[BlackElo "2073"]
[Annotator "TA"]
[PlyCount "155"]
[EventDate "2024.03.12"]
[EventCountry "ISL"]
[SourceTitle "playchess.com"]
[Source "ChessBase"]
[SourceQuality "1"]
[TimeControl "40/5400+30:1800+30"]

1. e4 Nf6 2. e5 Nd5 3. d4 d6 4. c4 Nb6 5. exd6 cxd6 6. Nc3 g6 7. h3 Bg7 8. Nf3 O-O 9. Be2 Nc6 10. O-O Bf5 11. d5 Na5 12. Nd4 Naxc4 13. a4 {[%emt 0:00:19] aiming for Nxf5. White is slightly better.} a5 14. Nxf5 gxf5 15. Re1 Ne5 16. Bb5 Nbd7 17. Qh5 e6 18. Bh6 {[%emt 0:22:46] White has more active pieces.} ({White should try} 18. Bg5 $14 Nf6 19. Qd1) 18... Bxh6 $15 19. Qxh6 Qf6 {[%emt 0:00:48] [#]} (19... Nc5 $1 $15 {keeps the upper hand.}) 20. Qxf6 $1 $16 Nxf6 21. f4 Ng6 22. dxe6 fxe6 23. Rxe6 Nxf4 24. Rxd6 Rad8 25. Rad1 Rxd6 26. Rxd6 Ne4 27. Rd4 Nxc3 28. bxc3 {[%emt 0:00:05][%mdl 4096] Endgame. KRB-KRN} Ng6 29. Rd7 b6 30. Rd6 Rc8 31. Rxb6 Rxc3 32. Ra6 Rc1+ 33. Kh2 f4 34. Rxa5 Nh4 (34... Kf7 $16 {might work better.} 35. Ra7+ Kf6 36. Rxh7 Ra1) 35. Be2 (35. Bd3 $18) 35... Rc2 36. Rg5+ Kh8 37. Re5 f3 38. Re8+ Kg7 39. gxf3 {[%emt 0:00:05] Kg3 is the strong threat.} Nxf3+ 40. Kg3 Nd4 41. Bg4 Rc3+ 42. Kg2 Ra3 43. Ra8 Nc2 44. Bd7 Ne3+ 45. Kh2 Nc4 46. Bb5 Nd6 ({Better is} 46... Nd2) 47. Bf1 (47. Ra7+ $16 Kh8 48. Bf1) 47... Ra2+ 48. Kg1 Ra1 49. Kg2 Nf5 50. Bd3 Nh4+ 51. Kf2 Ra2+ 52. Ke3 Ng2+ $2 (52... Ra3 $16) 53. Kd4 $18 Nf4 54. Bf5 Kf6 55. Bc8 (55. Bxh7 $18 {Threatens to win with Bg8.} Nxh3 56. a5) 55... Ne6+ {[%emt 0:00:00] [#]} (55... Ra3 $16 {keeps fighting.}) 56. Kc4 ({White should play} 56. Kc3 $1 $18 {Strongly threatening Ra6.} Nf4 57. Kb3) 56... Rc2+ $16 57. Kd3 Rc7 (57... Rc1 $16) 58. a5 $18 Nc5+ 59. Ke3 Re7+ 60. Kf3 Nd3 61. Ra6+ Ke5 62. Bg4 (62. Rc6 $142) 62... Kd5 63. Kg3 Kc5 64. Ra8 (64. Rh6 $18) 64... Kb5 65. Bf5 Nc5 (65... Rg7+ $16 66. Kf3 Ne5+ 67. Kf4 Ng6+ 68. Ke3 Re7+ 69. Be4 Re6) 66. Kg4 Nb3 $2 (66... Ne4 67. Kf4 Nc5) 67. Rb8+ Kc4 68. a6 Nc5 {[%emt 0:00:34] Inhibits Rb7.} 69. Bc8 Ra7 70. Rb6 Kd5 71. Bb7+ Ke5 72. Kg5 Ne6+ 73. Kh6 Nf4 74. Rb3 ({Less strong is} 74. Kxh7 Nxh3 75. Kg7 Nf4 76. Rb5+ Ke6 $18) (74. h4 $142 Kf5 75. Rb4 (75. Kxh7 Kg4 $18)) 74... Ne6 75. Kxh7 $2 (75. h4 $18 {and White stays clearly on top. Black must now prevent Re3+.} Nc5 76. Rb6 (76. Rb5 Kd6 77. Rxc5 Kxc5 78. h5 Kd4 79. Kxh7 Kc5 80. h6 Kb6)) 75... Nc5 $2 (75... Nc7 $16) 76. Rb5 {[%emt 0:00:02] White mates.} Kd6 {[%emt 0:00:05] [#]} 77. Rxc5 $1 Kxc5 78. Kg7 {[%emt 0:00:07] Weighted Error Value: White=0.18 (very precise) /Black=0.24 (precise) .  Loses game:     	---       	Black=1      Mistake:       	White=7     	Black=7      Inaccurate:     	White=4     	Black=7      OK:         	White=28    	Black=16     Best:        	White=7     	Black=8      Strong:       	White=1     	---} 1-0

[Event "Reykjavik Open 2024"]
[Site "Reykjavik"]
[Date "2024.03.17"]
[Round "4.37"]
[White "Gikas, Andreas Basilius"]
[Black "Katz, Alexander"]
[Result "0-1"]
[ECO "B77"]
[WhiteElo "2104"]
[BlackElo "2418"]
[Annotator "RC"]
[PlyCount "60"]
[EventDate "2024.03.12"]
[EventCountry "ISL"]
[SourceTitle "playchess.com"]
[Source "ChessBase"]
[SourceQuality "1"]
[TimeControl "40/5400+30:1800+30"]

1. e4 c5 2. Nf3 d6 3. d4 cxd4 4. Nxd4 Nf6 5. Nc3 g6 6. Be3 Bg7 7. f3 O-O 8. Bc4 Nc6 9. Bb3 Bd7 10. h4 h5 11. Qd2 Rc8 12. Nxc6 Bxc6 13. O-O-O a5 14. Bh6 Kh7 15. Bxg7 Kxg7 16. Qd4 b5 17. g4 a4 18. g5 axb3 19. gxf6+ exf6 20. axb3 Qa5 21. b4 Qa8 22. Kb1 Rc7 23. Nd5 Bxd5 24. Qxd5 Qa4 25. c3 Ra8 26. Rhg1 Rc4 27. f4 Qa2+ 28. Kc2 Ra3 29. Rg3 Qb3+ 30. Kb1 Ra2 0-1